 Dungeon Crawl Stone Soup version 0.24-a0-446-g87df7205b4 (webtiles) character file.

Game seed: 11382992310830226860

35 Krouwed the Shooter (level 3, -3/28 HPs)
             Began as a Human Hunter on June 23, 2019.
             Slain by Terence
             ... wielding a +0 flail
              (5 damage)
             ... on level 2 of the Dungeon.
             The game lasted 00:03:42 (1771 turns).

Krouwed the Shooter (Human Hunter)                  Turns: 1771, Time: 00:03:43

Health: -3/28      AC:  5    Str: 13    XL:     3   Next: 55%
Magic:  3/3        EV: 11    Int: 11    God:
Gold:   69         SH:  0    Dex: 13    Spells: 2/2 levels left

rFire    . . .     SeeInvis .   b - +0 long sword
rCold    . . .     Gourm    .   (no shield)
rNeg     . . .     Faith    .   q - +0 ring mail
rPois    .         Spirit   .   (no helmet)
rElec    .         Reflect  .   (no cloak)
rCorr    .         Harm     .   (no gloves)
MR       .....                  (no boots)
Stlth    +.........             (no amulet)
HPRegen  0.09/turn              (no ring)
MPRegen  0.08/turn              (no ring)

@: no status effects
A: no striking features
a: no special abilities


You were on level 2 of the Dungeon.
You were hungry.

You visited 1 branch of the dungeon, and saw 2 of its levels.

You collected 69 gold pieces.

Inventory:

Hand Weapons
 a - a +1 shortbow
 b - a +0 long sword (weapon)
Missiles
 d - 20 arrows
Armour
 q - a +0 ring mail (worn)
Jewellery
 c - a +2 ring of evasion {unknown}
Wands
 l - a wand of enslavement (6)
 o - a wand of flame (37)
Scrolls
 e - a scroll of remove curse {unknown}
 g - 2 scrolls of amnesia {unknown}
 i - a scroll of fog {unknown}
 k - 2 scrolls of enchant weapon {unknown}
Potions
 h - a potion of heal wounds {unknown}
 j - a potion of magic {unknown}
 n - a potion of lignification {unknown}
 p - a potion of flight {unknown}
Comestibles
 f - 4 rations


   Skills:
 + Level 2.4 Fighting
   Level 1.2 Short Blades
 + Level 0.0(0.5) Long Blades
 + Level 4.3 Bows
 + Level 2.4 Dodging
 - Level 1.0 Stealth


You had 2 spell levels left.
You didn't know any spells.
Your spell library was empty.

Dungeon Overview and Level Annotations

Branches:
Dungeon (2/15)

Altars:
Nemelex Xobeh

Annotations:
D:2 Terence


Message History

The datura-tipped dart barely misses Terence.
Throwing (i - inventory)
m - 2 datura-tipped darts (quivered)
Press: ? - help, Shift-Dir - straight line, f/p - Terence
Aim: Terence, wielding a +0 flail and wearing a +0 scale mail (chance to frenzy on hit: 100%)
You throw a datura-tipped dart.
The datura-tipped dart barely misses Terence.
Throwing (i - inventory)
m - a datura-tipped dart (quivered)
Press: ? - help, Shift-Dir - straight line, f/p - Terence
Aim: Terence, wielding a +0 flail and wearing a +0 scale mail (chance to frenzy on hit: 100%)
You throw a datura-tipped dart. The datura-tipped dart hits Terence.
Terence flies into a frenzy!
Terence hits you with a +0 flail! x2
* * * LOW HITPOINT WARNING * * *
Terence misses you. Terence hits you with a +0 flail.
* * * LOW HITPOINT WARNING * * *
Terence shouts!
Terence barely misses you.
Terence shouts!
Terence hits you with a +0 flail.
You die...

## ### #. ..# ###.
#.# ####...###.#
.........^.##########
####..(##......@@.>.#
##.. ##.########.#
#... #.# #.# ##(. #.#
#.# ##. ..# ##.## #.
### ###...# #.
#.....# ##+## #.#...#
##...## #.#####


You could see the neutral Terence (insane).

Vanquished Creatures
  An adder (D:2)
  A worm (D:2)
  2 giant cockroaches
  3 goblins
  A hobgoblin (D:1)
  4 jackals (D:1)
  2 bats (D:1)
  4 frilled lizards (D:1)
  A kobold (D:1)
  4 rats
23 creatures vanquished.

Notes
Turn   | Place    | Note
-------+----------+-------------------------------------------
     0 | D:1      | Krouwed the Human Hunter began the quest for the Orb.
     0 | D:1      | Reached XP level 1. HP: 16/16 MP: 1/1
   183 | D:1      | Reached XP level 2. HP: 22/22 MP: 2/2
   993 | D:2      | Reached skill level 1 in Short Blades
   993 | D:2      | Reached XP level 3. HP: 16/28 MP: 3/3
  1428 | D:2      | Found a sparkling altar of Nemelex Xobeh.
  1759 | D:2      | Noticed Terence
  1771 | D:2      | Slain by Terence

Levels and vault maps discovered:
D:1:      matt_arrival_refuge, layout_basic, dk_noncrumbling_2,
          minmay_misc_feat_enclosed
D:2:      layout_loops_corners, st_stairs_7, nemelex_xobeh_ov_fountains_minmay,
          uniq_terence

Skill      XL: |  1  2 |
---------------+-------+-----
Short Blades   | 1 |  1.2
Fighting       | |  2.4
Bows           | |  4.3
Dodging        | |  2.4
Stealth        | |  1.0

Action                   || total
-------------------------++-------
Melee: Short sword       ||   107
       Long sword        ||     2
Throw: Dart              ||     3
 Stab: Sleeping          ||     2
  Eat: Chunk             ||     2
Armor: Leather armour    ||    33
Dodge: Dodged            ||    87

Table legend:
 A = Non-vault XP
 B = Vault XP
 C = Vault XP percentage of total XP
 D = Non-vault monster count
 E = Vault monster count
 F = Vault count percentage of total count
                 A         B        C        D         E       F
            +---------+---------+-------+---------+---------+-------
      Total |      37 |      14 |  27.5 |      22 |       1 |   4.3
            +---------+---------+-------+---------+---------+-------
        D:1 |      25 |       0 |   0.0 |      16 |       0 |   0.0
        D:2 |      12 |      14 |  53.8 |       6 |       1 |  14.3
            +---------+---------+-------+---------+---------+-------
